 Dungeon Crawl Stone Soup version 0.28.0-45-g0d030f2227 (webtiles) character file.

Game seed: 8618195240769691770

469 Ablot the Grasshopper (level 7, -2/56 HPs)
             Began as a Gnoll Warper on Apr 7, 2022.
             Was an Initiate of Okawaru.
             Slain by an unseen horror (9 damage)
             ... on level 5 of the Dungeon.
             The game lasted 00:06:23 (5187 turns).

Ablot the Grasshopper (Gnoll Warper)                Turns: 5187, Time: 00:06:23

Health: -2/56      AC:  3    Str: 13    XL:     7   Next: 9%
Magic:  15/15      EV: 13    Int: 12    God:    Okawaru [......]
Gold:   134        SH:  0    Dex: 11    Spells: 13/17 levels left

rFire   + . .      SeeInvis .   d - +2 dagger (venom)
rCold   . . .      Faith    .   (no shield)
rNeg    . . .      Spirit   .   b - +0 leather armour
rPois   .          Reflect  .   (no helmet)
rElec   .          Harm     .   (no cloak)
rCorr   .          Rampage  .   (no gloves)
Will    +....                   (no boots)
Stlth   ++........              (no amulet)
HPRegen 0.18/turn               s - ring of protection from fire
MPRegen 0.14/turn               v - ring of willpower

@: no status effects
A: fangs 1, strong nose, distributed training
a: Renounce Religion


You were on level 5 of the Dungeon.
You worshipped Okawaru.
Okawaru was noncommittal.
You visited 2 branches of the dungeon, and saw 6 of its levels.

You collected 134 gold pieces.

Inventory:

Hand Weapons
 a - a +0 spear
 d - a +2 dagger of venom (weapon)
 w - the +6 whip of Stickiness {vorpal, rC+ rN+ Str-5}
   (You found it on level 2 of the Dungeon)

   It inflicts extra damage upon your enemies.
   Str:       It affects your strength (-5).
   rC:        It protects you from cold.
   rN:        It protects you from negative energy.
Missiles
 f - 82 stones
 m - 5 boomerangs of dispersal
 p - 24 bolts
 q - 32 arrows
 y - 5 poisoned darts (quivered)
 z - 3 curare-tipped darts
Armour
 b - a +0 leather armour (worn)
Jewellery
 s - a ring of protection from fire (left hand)
 v - a ring of willpower (right hand)
Scrolls
 c - 4 scrolls of blinking
 i - a scroll of fear {unknown}
 j - a scroll of enchant weapon {unknown}
 l - 4 scrolls of identify {unknown}
 o - 2 scrolls of teleportation {unknown}
 r - a scroll of vulnerability {unknown}
 t - a scroll of magic mapping {unknown}
 u - a scroll of immolation {unknown}
Potions
 e - a potion of magic {unknown}
 g - a potion of attraction {unknown}
 h - a potion of lignification {unknown}
 k - a potion of degeneration {unknown}
 n - 2 potions of curing
 x - a potion of heal wounds {unknown}


   Skills:
 + Level 5.1 Fighting
 + Level 2.2 Short Blades
 + Level 2.2 Long Blades
 + Level 2.2 Axes
 + Level 2.2 Maces & Flails
 + Level 5.1 Polearms
 + Level 2.2 Staves
 + Level 2.2 Slings
 + Level 2.2 Bows
 + Level 2.2 Crossbows
 + Level 3.4 Throwing
 + Level 3.4 Armour
 + Level 5.1 Dodging
 + Level 2.2 Stealth
 + Level 2.2 Shields
 + Level 2.2 Unarmed Combat
 + Level 5.5 Spellcasting
 + Level 1.8 Conjurations
 + Level 1.8 Hexes
 + Level 1.8 Summonings
 + Level 1.8 Necromancy
 + Level 5.7 Translocations
 + Level 1.8 Transmutations
 + Level 1.8 Fire Magic
 + Level 1.8 Ice Magic
 + Level 1.8 Air Magic
 + Level 1.8 Earth Magic
 + Level 1.8 Poison Magic
 + Level 2.5 Invocations
 + Level 2.2 Evocations


You had 13 spell levels left.
You knew the following spells:

 Your Spells              Type           Power      Damage    Failure   Level
a - Blink                 Tloc           34%        N/A       3%          2
b - Wereblood             Tmut           7%         N/A       17%         2

Your spell library contained the following spells:

 Spells                   Type           Power      Damage    Failure   Level
 Gell's Gravitas          Tloc           17%        N/A       6%          3
 Lesser Beckoning         Tloc           17%        N/A       6%          3
 Teleport Other           Tloc           17%        N/A       6%          3
 Beastly Appendage        Tmut           14%        N/A       11%         1
 Spider Form              Tmut/Pois      7%         N/A       32%         3
 Manifold Assault         Tloc           17%        N/A       52%         5


Dungeon Overview and Level Annotations

Branches:
Dungeon (5/15)             Temple (1/1) D:4

Altars:
Ashenzari
Cheibriados
Dithmenos
Elyvilon
Fedhas
Gozag
Hepliaklqana
Kikubaaqudgha
Makhleb
Nemelex Xobeh
Okawaru
Qazlal
Sif Muna
Trog
Uskayaw
Vehumet
Wu Jian
Xom
Yredelemnul
Zin
The Shining One

Shops:
D:2 (

Annotations:
D:4 2 transporters, dangdung's ghost, amateur OpTm


Innate Abilities, Weirdness & Mutations

You have very sharp teeth.
Your uncanny sense of smell can sniff out nearby items.
Your experience applies equally to all skills.


Message History

You have reached level 7!
Unknown command.
HP restored.
z - 3 curare-tipped darts
There is a strange disturbance nearby!
An iguana comes into view.
Found 14 gold pieces.
The iguana hisses angrily.
You hit the iguana but do no damage. The iguana bites you.
You closely miss the iguana. The iguana bites you.
You hit the iguana but do no damage.
The iguana is poisoned.
The iguana bites you.
You closely miss the iguana. The iguana barely misses you.
You hit the iguana.
The iguana looks as sick as possible!
The iguana is lightly wounded.
The iguana closely misses you.
You hit the iguana but do no damage.
The iguana looks as sick as possible!
The iguana is lightly wounded.
The iguana bites you!
You hit the iguana but do no damage.
The iguana looks as sick as possible!
The iguana is lightly wounded.
You hit the iguana.
The iguana is heavily wounded.
The iguana bites you.
You hit the iguana.
The iguana looks as sick as possible!
Your bite misses the iguana.
The iguana is almost dead.
You kill the iguana!
Okawaru accepts your kill.
No target in view!
No target in view!
Something hits you!
Deactivating autopickup; reactivate with Ctrl-A.
Something hits you! Something hits you!
* * * LOW HITPOINT WARNING * * *
Something hits you!
* * * LOW HITPOINT WARNING * * *
It was a potion of curing.
You feel better. Something hits you!
You die...

###################
..................#
##############....#
..................#
...######....#....#
...######.##.#.{$.#
............ #.#@##
.#.######....#.#.#
.#......#..{.#.#.#
........#....#.#.#
∆
#########....#.#..
.... ....#.#### .#
# #...... .#
###.##.#.# .#
#).......#


There were no monsters in sight!

Vanquished Creatures
  An ogre (D:4)
  A phantom (D:4)
  A hound (D:5)
  2 iguanas
  Natasha (thrice) (D:3)
  An orc wizard (D:3)
  A hound skeleton (D:4)
  3 adders
  An ufetubus (D:4)
  4 worms
  3 dart slugs
  6 orcs
  8 endoplasms
  3 giant cockroaches
  2 hobgoblins
  4 kobolds
  5 quokkas
  3 ball pythons
  3 frilled lizards
  12 goblins
  4 rats
71 creatures vanquished.

Notes
Turn   | Place    | Note
-------+----------+-------------------------------------------
     0 | D:1      | Ablot the Gnoll Warper began the quest for the Orb.
     0 | D:1      | Reached XP level 1. HP: 20/20 MP: 6/6
   132 | D:1      | Reached XP level 2. HP: 26/26 MP: 7/7
   135 | D:1      | Learned a level 2 spell: Blink
   681 | D:2      | Reached skill level 5 in Spellcasting
   681 | D:2      | Reached XP level 3. HP: 18/31 MP: 7/9
   904 | D:2      | Reached skill level 1 in Invocations
   909 | D:2      | You fall into a shaft and drop 2 floors!
  1135 | D:4      | Reached skill level 1 in Short Blades
  1135 | D:4      | Reached skill level 1 in Long Blades
  1135 | D:4      | Reached skill level 1 in Axes
  1135 | D:4      | Reached skill level 1 in Maces & Flails
  1135 | D:4      | Reached skill level 1 in Staves
  1135 | D:4      | Reached skill level 1 in Slings
  1135 | D:4      | Reached skill level 1 in Bows
  1135 | D:4      | Reached skill level 1 in Crossbows
  1135 | D:4      | Reached skill level 1 in Stealth
  1135 | D:4      | Reached skill level 1 in Shields
  1135 | D:4      | Reached skill level 1 in Unarmed Combat
  1135 | D:4      | Reached skill level 1 in Evocations
  1376 | D:4      | Reached XP level 4. HP: 33/38 MP: 11/11
  1464 | D:3      | Reached skill level 1 in Conjurations
  1464 | D:3      | Reached skill level 1 in Hexes
  1464 | D:3      | Reached skill level 1 in Summonings
  1464 | D:3      | Reached skill level 1 in Necromancy
  1464 | D:3      | Reached skill level 1 in Transmutations
  1464 | D:3      | Reached skill level 1 in Fire Magic
  1464 | D:3      | Reached skill level 1 in Ice Magic
  1464 | D:3      | Reached skill level 1 in Air Magic
  1464 | D:3      | Reached skill level 1 in Earth Magic
  1464 | D:3      | Reached skill level 1 in Poison Magic
  1756 | D:2      | Found Canuxt's Antique Weapon Boutique.
  1907 | D:2      | Identified the +6 whip of Stickiness {vorpal, rC+ rN+
                  | Str-5}
  1912 | D:2      | Found a burning altar of Makhleb.
  1953 | D:2      | Found a faded altar of an unknown god.
  1959 | D:2      | Reached XP level 5. HP: 43/43 MP: 12/12
  2793 | D:3      | Noticed Natasha
  2800 | D:3      | Killed Natasha
  2999 | D:3      | Noticed Natasha
  3007 | D:3      | Killed Natasha
  3134 | D:3      | Noticed Natasha
  3148 | D:3      | Killed Natasha
  3416 | D:4      | Found a transporter.
  3659 | D:4      | Found a staircase to the Ecumenical Temple.
  3659 | D:4      | Noticed a phantom
  3680 | D:4      | Killed a phantom
  3681 | D:4      | Reached XP level 6. HP: 16/50 MP: 14/14
  3685 | Temple   | Entered the Ecumenical Temple
  4049 | Temple   | Learned a level 2 spell: Wereblood
  4051 | Temple   | Became a worshipper of Warmaster Okawaru
  4193 | D:4      | Reached skill level 5 in Fighting
  4193 | D:4      | Reached skill level 5 in Polearms
  4193 | D:4      | Reached skill level 5 in Dodging
  4241 | D:4      | Noticed dangdung's ghost (amateur OpTm)
  4246 | D:4      | Found a transporter.
  4653 | D:5      | Entered Level 5 of the Dungeon
  4940 | D:5      | Noticed an ice beast
  5022 | D:5      | Reached XP level 7. HP: 50/56 MP: 15/15
  5186 | D:5      | HP: 2/56 [something (9)]
  5187 | D:5      | Slain by an unseen horror

Illustrated notes

Levels and vault maps discovered:
D:1:      amcnicky_arrival_single_pillar, layout_basic,
          nicolae_concentric_dashed_squares_mild
D:2:      layout_rooms, ebering_ecumenical_altar_petrified, serial_shops,
          nicolae_shop_temple_entry_statues_fountains, basic_altar, st_stairs_13
D:3:      layout_basic, uniq_natasha
D:4:      layout_basic, minmay_temple_entry_enclosed_plants,
          gammafunk_ghost_smash, kennysheep_generic_room_13
D:5:      layout_basic, lemuel_doored_altar, hangedman_decor_push,
          minmay_checkerbox, uniq_duvessa, uniq_pikel
Temple:   kilobyte_greek_temple

Skill      XL: |  1  2  3  4  5  6 |
---------------+-------------------+-----
Spellcasting   | 5 |  5.5
Invocations    | 1 2 |  2.5
Short Blades   | 1 2 |  2.2
Long Blades    | 1 2 |  2.2
Axes           | 1 2 |  2.2
Maces & Flails | 1 2 |  2.2
Staves         | 1 2 |  2.2
Slings         | 1 2 |  2.2
Bows           | 1 2 |  2.2
Crossbows      | 1 2 |  2.2
Stealth        | 1 2 |  2.2
Shields        | 1 2 |  2.2
Unarmed Combat | 1 2 |  2.2
Evocations     | 1 2 |  2.2
Conjurations   | 1 |  1.8
Hexes          | 1 |  1.8
Summonings     | 1 |  1.8
Necromancy     | 1 |  1.8
Transmutations | 1 |  1.8
Fire Magic     | 1 |  1.8
Ice Magic      | 1 |  1.8
Air Magic      | 1 |  1.8
Earth Magic    | 1 |  1.8
Poison Magic   | 1 |  1.8
Throwing       | 3 |  3.4
Armour         | 3 |  3.4
Fighting       | 5 |  5.1
Polearms       | 5 |  5.1
Dodging        | 5 |  5.1
Translocations | |  5.7

Action                   |  1- 3 |  4- 6 |  7- 9 || total
-------------------------+-------+-------+-------++-------
Melee: Spear             |    88 |    30 |       ||   118
       Bite              |    11 |    16 |       ||    27
       Dagger            |       |   142 |     9 ||   151
       Punch             |       |     5 |       ||     5
       Whip              |       |    19 |       ||    19
Throw: Stone             |     2 |       |       ||     2
       Dart              |       |     1 |       ||     1
  Use: Potion            |       |       |     1 ||     1
 Stab: Sleeping          |     1 |     1 |       ||     2
Armor: Leather armour    |     9 |    32 |       ||    41
Dodge: Dodged            |    21 |    84 |     2 ||   107
